 Dungeon Crawl Stone Soup version 0.27-a0-1555-g0e7b3fb1d2 (webtiles) character file.

Game seed: 14333618773496925476

1164 blackman the Reanimator (level 8, -1/52 HPs)
             Began as a Human Wanderer on July 14, 2021.
             Slain by Duvessa (6 damage)
             ... on level 4 of the Dungeon.
             The game lasted 00:49:24 (19631 turns).

blackman the Reanimator (Human Wanderer)           Turns: 19631, Time: 00:49:24

Health: -1/52      AC:  7    Str:  7 (13) XL:     8   Next: 67%
Magic:  13/13      EV: 14    Int:  0 (13) God:
Gold:   280        SH:  0    Dex:  8 (14) Spells: 10/14 levels left

rFire    . . .     SeeInvis +   b - +2 hunting sling (freeze)
rCold    . . .     Faith    .   (no shield)
rNeg     . . .     Spirit   .   n - +0 leather armour {rPois}
rPois    +         Reflect  .   q - +2 helmet
rElec    .         Harm     .   (no cloak)
rCorr    .         Rampage  .   s - +0 pair of gloves
Will     .....                  (no boots)
Stlth    +.........             (no amulet)
HPRegen  0.17/turn              r - ring of see invisible
MPRegen  0.13/turn              w - +4 ring of evasion

@: slowed, lost intelligence, very slow
A: no striking features
a: no special abilities


You were on level 4 of the Dungeon.
You visited 2 branches of the dungeon, and saw 6 of its levels.

You collected 280 gold pieces.

Inventory:

Hand Weapons
 a - a +0 short sword of electrocution
 b - a +2 hunting sling of freezing (weapon)
 z - a +0 hunting sling
Missiles
 g - 54 stones (quivered ammo)
Armour
 c - a +0 robe
 d - a +0 leather armour
 m - a +0 helmet
 n - a +0 leather armour of poison resistance (worn)
 q - a +2 helmet (worn)
 s - a +0 pair of gloves (worn)
Jewellery
 r - a ring of see invisible (left hand)
 w - a +4 ring of evasion (right hand)
Wands
 p - a wand of iceblast (8)
 y - a wand of flame (19)
Scrolls
 e - 2 scrolls of immolation
 h - a scroll of identify {unknown}
 i - a scroll of amnesia
 j - a scroll of teleportation
 t - a scroll of fog {unknown}
Potions
 f - 2 potions of curing {unknown}
 k - a potion of attraction {unknown}
 l - a potion of magic {unknown}
 o - 2 potions of flight {unknown}
 u - 2 potions of heal wounds {unknown}
 v - 2 potions of brilliance {unknown}
 x - a potion of lignification {unknown}
 A - a potion of mutation {unknown}


   Skills:
 - Level 2.0 Bows
 - Level 1.0 Armour
 - Level 2.0 Shields
 - Level 3.8 Spellcasting
 + Level 9.5 Necromancy


You had 10 spell levels left.
You knew the following spells:

 Your Spells              Type           Power      Damage    Failure   Level
a - Pain                  Necr           0%         1d4       1%          1
c - Vampiric Draining     Necr           0%         2d6       4%          3

Your spell library contained the following spells:

 Spells                   Type           Power      Damage    Failure   Level
 Animate Skeleton         Necr           0%         N/A       1%          1
 Animate Dead             Necr           0%         N/A       14%         4
 Agony                    Necr           0%         N/A       38%         5
 Apportation              Tloc           0%         N/A       58%         1
 Passwall                 Tmut/Erth      0%         N/A       75%         2
 Wereblood                Tmut           0%         N/A       75%         2
 Teleport Other           Tloc           0%         N/A       92%         3


Dungeon Overview and Level Annotations

Branches:
Dungeon (5/15)             Temple (1/1) D:5

Altars:
Ashenzari
Cheibriados
Dithmenos
Hepliaklqana
Makhleb
Nemelex Xobeh
Okawaru
Qazlal
Sif Muna
Trog
Uskayaw
Vehumet
Wu Jian
Yredelemnul
Zin

Shops:
D:4 [

Annotations:
D:3 DIG HERE !
D:4 Dowan, Duvessa


Message History

Done waiting.
You start waiting.
Done waiting.
You start waiting.
Time shudders.
You feel weakened.
g - 46 stones (gained 1)
You see here a +0 giant club.
g - 47 stones (gained 1);
e - 2 scrolls of immolation (gained 1)
You now have 280 gold pieces (gained 36).
Things that are here:
a +0 mace; a +0 hunting sling
g - 54 stones (gained 7)
There is a stone staircase leading up here.
You climb upwards.
Level annotation: Dowan, Duvessa
There is a stone staircase leading down here.
You start waiting.
Done waiting.
You start waiting.
Duvessa is nearby!
Duvessa is nearby!
Duvessa shouts!
You hear a shout!
Duvessa says, "Where magic fails, the sword succeeds!"
Duvessa hits you with a +0 short sword! Duvessa hits you but does no damage.
Duvessa hits you with a +0 short sword! Duvessa completely misses you.
Duvessa hits you with a +0 short sword! Duvessa misses you.
Duvessa hits you with a +0 short sword. Duvessa hits you with a +0 short sword!
Duvessa hits you with a +0 short sword. Duvessa barely misses you.
Duvessa hits you with a +0 short sword!
* * * LOW HITPOINT WARNING * * *
Duvessa hits you with a +0 short sword.
* * * LOW HITPOINT WARNING * * *
Duvessa hits you with a +0 short sword.
* * * LOW HITPOINT WARNING * * *
Dowan casts a spell at Duvessa.
Duvessa seems to speed up.
Duvessa hits you but does no damage. Duvessa completely misses you.
Duvessa hits you with a +0 short sword.
You die...

....<))...#.............).[.)[...
...[)###..##......####'#..#..<.##
###..# #..#...##..#.........#....
..'..###..#.#.##..#.......#.#....
###............#..#.......#.#...#
...............#............#..##
........#.#.#....##.....#.#.....#
..........#......#e.......#..#.##
..........+.....@e#.#####...####.
..........#....#...........##....
...............#..#.###+##..##รท#.
#..##.......#'##..#.##....#..#.##
#..##.......#.....#.##....#.....#
#.....#.....#.##..#.##....#.##.##
#..##.##....#.##..#..#....#)##..#
#..##.##.............#....#.###..
......##.....###..........#.####.


You could see Duvessa (fast) and Dowan.

Vanquished Creatures
  A water moccasin (D:5)
  A necrophage (D:5)
  2 ogres
  A centaur (D:3)
  2 howler monkeys
  A hound (D:3)
  An orc priest (D:4)
  2 bullfrog skeletons
  Jessica (D:2)
  Ijyb (D:5)
  Terence (D:2)
  Robin (D:4)
  24 gnolls
  5 adders
  7 dart slugs
  30 orcs
  5 endoplasms
  2 giant cockroaches (D:1)
  16 goblins
  3 hobgoblins (D:2)
  13 jackals
  5 kobolds
  4 quokkas
  11 ball pythons
  4 bats
  2 frilled lizards
  A rat (D:3)
147 creatures vanquished.

Vanquished Creatures (others)
  A goblin (D:3)
  7 fungi (D:3)
  8 plants (D:3)
16 creatures vanquished.

Grand Total: 163 creatures vanquished

Notes
Turn   | Place    | Note
-------+----------+-------------------------------------------
     0 | D:1      | blackman the Human Wanderer began the quest for the Orb.
     0 | D:1      | blackman set off with the following items: a +0 dagger, a
                  | +0 robe; and the following spells available to memorise:
                  | Animate Skeleton, Pain, Vampiric Draining, Apportation,
                  | Passwall, Wereblood, Animate Dead, Teleport Other, Agony
     0 | D:1      | Reached XP level 1. HP: 13/13 MP: 3/3
     3 | D:1      | Learned a level 1 spell: Pain
     5 | D:1      | Learned a level 1 spell: Animate Skeleton
   748 | D:1      | Reached XP level 2. HP: 15/19 MP: 1/5
  1856 | D:1      | Reached skill level 4 in Necromancy
  1856 | D:1      | Reached XP level 3. HP: 13/24 MP: 0/6
  2999 | D:2      | Noticed Jessica
  3004 | D:2      | Killed Jessica
  3005 | D:2      | Reached XP level 4. HP: 26/30 MP: 1/7
  3931 | D:2      | Noticed Terence
  4174 | D:2      | Killed Terence
  4175 | D:2      | Reached skill level 5 in Necromancy
  5142 | D:3      | Reached XP level 5. HP: 34/35 MP: 6/8
  8298 | D:3      | Reached skill level 6 in Necromancy
  8972 | D:3      | Reached XP level 6. HP: 38/41 MP: 5/9
  9098 | D:3      | Learned a level 3 spell: Vampiric Draining
 10995 | D:3      | Reached skill level 7 in Necromancy
 11255 | D:3      | Reached XP level 7. HP: 16/46 MP: 0/10
 11844 | D:3      | HP: 1/46 [ogre (27)]
 12447 | D:3      | Reached skill level 8 in Necromancy
 14406 | D:3      | Found a faded altar of an unknown god.
 14705 | D:3      | Became a worshipper of Cheibriados the Contemplative
 14705 | D:3      | Reached * piety under Cheibriados
 14937 | D:3      | Fell from the grace of Cheibriados
 15064 | D:4      | Noticed Robin
 15399 | D:4      | Found Alinigu's Armour Boutique.
 15447 | D:4      | Killed Robin
 16330 | D:4      | Reached XP level 8. HP: 52/52 MP: 5/13
 16519 | D:4      | Found a shimmering blue altar of Sif Muna.
 17973 | D:4      | Noticed Dowan
 17974 | D:4      | Noticed Duvessa
 17976 | D:4      | Found the +6 arbalest "Damnation" {damnation}
 17977 | D:5      | Entered Level 5 of the Dungeon
 17977 | D:5      | Noticed Ijyb
 17983 | D:5      | Killed Ijyb
 18239 | D:5      | Found a staircase to the Ecumenical Temple.
 18250 | Temple   | Entered the Ecumenical Temple
 18469 | D:5      | Found a shadowy altar of Dithmenos.
 18477 | D:5      | Reached skill level 9 in Necromancy
 19250 | D:5      | Lost intelligence.
 19631 | D:4      | Slain by Duvessa

Illustrated notes

Levels and vault maps discovered:
D:1:      tarquinn_simple_flora_water_a, layout_loops_ring,
          minmay_misc_feat_columns, palyth_stone_intersect
D:2:      layout_loops_cross, uniq_terence, uniq_jessica
D:3:      lemuel_castle_with_subvaults [lemuel_castle_interior_original],
          layout_loops_corners, dreamdust_ecumenical_altar_hidden_monk_grotto,
          due_unseen_surprise
D:4:      layout_basic, mainiacjoe_overflow_surrounded_room, serial_shops,
          nicolae_stop_n_shop_1, minmay_fractal_squares_gapless_5, uniq_robin,
          uniq_edmund, uniq_duvessa
D:5:      layout_loops_ring, grunt_dithmenos_smoke,
          minmay_temple_entry_mini_moons, kennysheep_generic_room_13, uniq_ijyb
Temple:   dshaligram_water_room_temple

Skill      XL: |  1  2  3  4  5  6  7  8 |
---------------+-------------------------+-----
Necromancy     | 4 5 6 7 8 9 |  9.5
Spellcasting   | 3 |  3.8
Bows           | |  2.0
Armour         | |  1.0
Shields        | |  2.0

Action                   |  1- 3 |  4- 6 |  7- 9 || total
-------------------------+-------+-------+-------++-------
Melee: Dagger            |    13 |       |       ||    13
       Short sword       |       |       |    27 ||    27
       Hunting sling     |       |       |     2 ||     2
 Fire: Hunting sling     |       |   121 |   121 ||   242
 Cast: Pain              |    50 |   105 |    70 ||   225
       Animate Skeleton  |     4 |     4 |       ||     8
       Vampiric Draining |       |    20 |    51 ||    71
Invok: Renounce Religion |       |       |     1 ||     1
Evoke: Wand              |       |       |     4 ||     4
  Use: Scroll            |       |     2 |     3 ||     5
Armor: Robe              |     6 |     6 |       ||    12
       Leather armour    |       |     2 |    73 ||    75
Dodge: Dodged            |    14 |    55 |    93 ||   162

Table legend: (Time is in decaauts)
 A = Elapsed time spent in this place.
 B = Non-inter-level travel time spent in this place.
 C = Inter-level travel time spent in this place.
 D = Time resting spent in this place.
 E = Time spent auto-exploring this place.
 F = Levels seen in this place.
 G = Mean time per level.
                   A        B        C        D        E       F      G
               +--------+--------+--------+--------+--------+-----+--------+
         Total |  20353 |  19550 |    803 |  12941 |   4295 |   6 | 3392.2 |
       Dungeon |  20110 |  19420 |    690 |  12941 |   4184 |   5 | 4022.0 |
        Temple |    243 |    130 |    113 |      0 |    110 |   1 |  243.0 |
               +--------+--------+--------+--------+--------+-----+--------+

Top non-repeatable levels by time:
     D:3: 9441 daAuts
     D:2: 4133 daAuts
     D:1: 2922 daAuts
     D:4: 2047 daAuts
     D:5: 1564 daAuts
  Temple: 243 daAuts
